 Dungeon Crawl Stone Soup version 0.32-a0-918-g0f22ef8d61 (webtiles) character file.

Game seed: 12851308754906075447

2201 Heh the Carver (level 9, -5/112 HPs)
             Began as a Coglin Gladiator on Apr 11, 2024.
             Was a Believer of Beogh.
             Slain by a killer bee (7 damage)
             ... on level 7 of the Dungeon.
             The game lasted 00:08:28 (5451 turns).

Heh the Carver (Coglin Gladiator)                   Turns: 5451, Time: 00:08:30

Health: -5/112     AC: 24    Str: 14    XL:     9   Next: 34%
Magic:  9/9        EV:  2    Int:  8    God:    Beogh [**....]
Gold:   115        SH:  0    Dex: 20    Spells: 8/8 levels left

rFire   . . .        a - +0 long sword {Qiang}
rCold   . . .        A - +0 long sword {Teghnoor}
rNeg    . . .        K - melded +0 acid dragon scales
rPois   +            J - melded +1 hat
rElec   .            d - melded +0 cloak
rCorr   .            (gloves currently unavailable)
SInv    .            k - melded +0 pair of boots
Will    .....        (amulet unavailable)
Stlth   +            (ring unavailable)
HPRegen 0.38/turn    (ring unavailable)
MPRegen 0.11/turn    (no gizmo)

%: no passive effects
@: confused, lethally poisoned (-5 -> -14), tree-form, ambrosia-drunk
A: stationary, stasis, torment immunity, boosted hp, off-hand wielding, slow
wielding, warmup strikes, no jewellery
a: Invent Gizmo, Renounce Religion, Smiting


You were on level 7 of the Dungeon.
You worshipped Beogh.
Beogh was pleased with you.
You were a tree.
You visited 1 branch of the dungeon, and saw 7 of its levels.
You also visited: Sewer.

You collected 230 gold pieces.
You spent 115 gold pieces at shops.

Inventory:

Hand Weapons
 a - a +0 long sword (weapon) {Qiang}
 f - a +0 dagger {Otto}
 h - a +0 vampiric short sword
 x - a +0 falchion {Svenja}
 y - a +2 dagger of freezing {Kaede}
 A - a +0 long sword (offhand) {Teghnoor}
Missiles
 e - 3 javelins
 G - 3 throwing nets (quivered)
Armour
 b - a +0 leather armour
 c - a +0 helmet
 d - a +0 cloak (melded)
 k - a +0 pair of boots (melded)
 l - a +0 plate armour
 m - a +0 chain mail
 u - a +0 ring mail
 z - a +0 scale mail
 J - a +1 hat (melded)
 K - +0 acid dragon scales (melded)
Wands
 B - a wand of quicksilver (4)
Scrolls
 g - a scroll of vulnerability
 n - a scroll of teleportation
 t - a scroll of blinking
 v - 2 scrolls of fog
 C - 2 scrolls of fear
 E - 3 scrolls of identify
 F - 3 scrolls of enchant weapon {unknown}
 H - a scroll of poison {unknown}
 L - a scroll of butterflies {unknown}
 M - a scroll of immolation {unknown}
Potions
 i - a potion of cancellation
 j - a potion of ambrosia
 o - a potion of attraction
 p - a potion of invisibility
 q - 2 potions of brilliance {unknown}
 r - a potion of lignification
 s - 3 potions of might {unknown}
 w - 2 potions of curing {unknown}
 D - 2 potions of degeneration {unknown}
 I - a potion of mutation {unknown}


   Skills:
 + Level 8.3 Fighting
 * Level 9.1 Long Blades
 - Level 1.7 Throwing
 + Level 3.6 Dodging


You had 8 spell levels left.
You didn't know any spells.
Your spell library contained the following spells:

 Spells                   Type           Power      Damage    Failure   Level
 Shock                    Conj/Air       0%         1d3       41%         1
 Blink                    Tloc           0%         N/A       54%         2
 Lesser Beckoning         Tloc           0%         N/A       54%         2
 Momentum Strike          Conj/Tloc      0%         3d8       54%         2
 Swiftness                Air            0%         N/A       78%         3
 Volatile Blastmotes      Fire/Tloc      0%         2d10      78%         3
 Airstrike                Air            0%         2d(0-16)  99%         4
 Fulminant Prism          Conj/Alch      0%         3d5       99%         4
 Iskenderun's Mystic Bla Conj/Tloc 0%             2d3        (+2d1     99%         4
 Olgreb's Toxic Radiance  Alch           0%         N/A       99%         4
 Iskenderun's Battlesphe  Conj           0%         2d6       100%        5
 Bombard                  Conj/Erth      0%         9d1       100%        6
 Ozocubu's Refrigeration  Ice            0%         4d7       100%        7
 Spellforged Servitor     Conj/Summ      0%         N/A       100%        7
 Discord                  Hex            0%         N/A       100%        8


Dungeon Overview and Level Annotations

Branches:
Dungeon (7/15)              Sewer (visited)
 Temple: D:4-7

Altars:
Hepliaklqana

Shops:
D:5 ?   D:6 *


Innate Abilities, Weirdness & Mutations

You are a tree.
Your roots penetrate the ground, keeping you stationary.
You cannot be teleported.
You are immune to unholy pain and torment.
Your maximum health is greatly increased.
Your equipment is partially melded.
Your facial features look somewhat orcish.
You can wield a second weapon in your off-hand.
It takes a long time for you to wield or remove held weapons.
Your first few attacks do less damage.
You cannot equip rings or amulets.


Message History

You are confused.
You feel invigorated.
* * * LOW HITPOINT WARNING * * *
You feel very sick. The killer bee stings you.
* * * LOW HITPOINT WARNING * * *
The killer bee closely misses you.
* * * LOW HITPOINT WARNING * * *
You feel very sick. The killer bee closely misses you.
The killer bee stings you but does no damage.
The killer bee barely misses you.
It was a potion of cancellation.
Your magical effects are unravelling.
You feel magically purged.
You feel less invigorated.
You feel less confused.
You feel sick. The killer bee closely misses you. x2
The killer bee barely misses you. The killer bee closely misses you.
You are confused.
You feel invigorated.
You feel sick. The killer bee barely misses you. The killer bee stings you!
* * * LOW HITPOINT WARNING * * *
You are more poisoned.
The killer bee poisons you!
The killer bee stings you but does no damage.
The killer bee closely misses you.
It was a potion of lignification.
You turn into a tree.
Your +0 cloak melds into your body.
Your +1 hat melds into your body.
Your +0 pair of boots melds into your body.
Your +0 acid dragon scales melds into your body.
Your roots penetrate the ground.
* * * LOW HITPOINT WARNING * * *
You feel very sick. The killer bee stings you.
* * * LOW HITPOINT WARNING * * *
The killer bee stings you but does no damage.
The killer bee stings you.
* * * LOW HITPOINT WARNING * * *
The killer bee stings you!
You die...

#### ..# # #.#
#.##.####
#...y♣..# #
####y##.####
#.#####.......#
#.............#
#.............#
#...............
#...............
#......<.......
#........<.....


You could see 2 killer bees.

Vanquished Creatures
  Pikel (D:6)
  Sigmund (D:3)
  Eustachio (D:5)
  An acid dragon (D:6)
  A black bear (D:3)
  2 ogres (D:6)
  2 lemures (D:6)
  A bullfrog (D:6)
  Blork the orc (D:6)
  A scorpion (D:5)
  A gnoll sergeant (D:6)
  A killer bee (D:7)
  2 bombardier beetles
  Crazy Yiuf (D:5)
  3 orc priests
  2 hounds (D:5)
  A jelly (D:6)
  A sleepcap (D:6)
  2 iguanas
  Natasha (D:4)
  6 orc wizards
  A hell rat (Sewer)
  4 gnolls (D:6)
  9 adders
  A river rat (D:5)
  2 ufetubi (D:5)
  2 dart slugs
  3 ribbon worms
  20 orcs
  4 bats
  5 endoplasms
  3 giant cockroaches
  9 goblins
  5 hobgoblins
  13 jackals
  A kobold (D:1)
  4 quokkas
  10 ball pythons
  A frilled lizard (D:1)
  10 rats
140 creatures vanquished.

Notes
Turn   | Place    | Note
-------+----------+-------------------------------------------
     0 | D:1      | Heh the Coglin Gladiator began the quest for the Orb.
     0 | D:1      | Reached XP level 1. HP: 16/16 MP: 1/1
   169 | D:1      | Reached XP level 2. HP: 23/23 MP: 2/2
   343 | D:1      | Reached XP level 3. HP: 20/28 MP: 3/3
  1171 | D:2      | Reached skill level 4 in Long Blades
  1171 | D:2      | Reached XP level 4. HP: 34/35 MP: 4/4
  1245 | D:2      | Found a hazy altar of Hepliaklqana.
  1641 | D:3      | Noticed a black bear
  1648 | D:3      | Killed a black bear
  1649 | D:3      | Reached XP level 5. HP: 33/42 MP: 5/5
  1909 | D:3      | Noticed Sigmund
  1921 | D:3      | Killed Sigmund
  1922 | D:3      | Reached skill level 5 in Fighting
  1922 | D:3      | Reached skill level 5 in Long Blades
  1922 | D:3      | Reached XP level 6. HP: 26/51 MP: 6/6
  2488 | D:3      | Reached XP level 7. HP: 56/56 MP: 7/7
  2654 | D:4      | Became a worshipper of Beogh the Shepherd
  2741 | D:4      | Noticed Natasha
  2747 | D:4      | Killed Natasha
  3024 | D:5      | Entered Level 5 of the Dungeon
  3025 | D:5      | Noticed Eustachio
  3032 | D:5      | Killed Eustachio
  3033 | D:5      | Reached skill level 6 in Long Blades
  3346 | D:5      | Found Osisuelixt's Magic Scroll Shoppe.
  3355 | D:5      | Bought a scroll of fear for 40 gold pieces
  3355 | D:5      | Bought a scroll of identify for 20 gold pieces
  3407 | D:5      | Reached * piety under Beogh
  3510 | D:5      | Reached XP level 8. HP: 53/65 MP: 8/8
  3705 | D:5      | Found a glowing drain.
  3714 | D:5      | Reached skill level 7 in Long Blades
  3729 | Sewer    | Entered a sewer
  3837 | D:5      | Found a runed translucent door.
  3838 | D:5      | Noticed Crazy Yiuf
  3972 | D:5      | Killed Crazy Yiuf
  4172 | D:6      | Noticed Pikel
  4182 | D:6      | Killed Pikel
  4183 | D:6      | Reached skill level 8 in Long Blades
  4368 | D:6      | Noticed Blork the orc
  4371 | D:6      | Reached XP level 9. HP: 21/74 MP: 9/9
  4677 | D:6      | Killed Blork the orc
  4830 | D:6      | Found Pood's General Store.
  4843 | D:6      | Bought a potion of heal wounds for 55 gold pieces
  4908 | D:6      | HP: 1/74 [gnoll/+0 club[a gnoll sergeant] (3)]
  5215 | D:6      | Reached skill level 9 in Long Blades
  5355 | D:6      | Reached ** piety under Beogh
  5451 | D:7      | HP: 4/112 [killer bee (5)]
  5451 | D:7      | Slain by a killer bee

Illustrated notes

Levels and vault maps discovered:
D:1:      wander_arrival_lonely_grave, layout_basic
D:2:      layout_rooms, basic_altar
D:3:      layout_loops_corners, uniq_sigmund
D:4:      layout_gridville, nicolae_inconvenience_store, minmay_misc_feat_room,
          minmay_misc_feat_alley, uniq_natasha
D:5:      layout_cave_pools, serial_shops, nicolae_shop_just_a_little_nook,
          portal_sewer_entry_c, abandoned_shop, uniq_crazy_yiuf_cottage,
          uniq_eustachio
D:6:      layout_rooms, serial_shops, nicolae_shop_window_shopping,
          uniq_blork_the_orc, uniq_pikel
D:7:      layout_loops_cross, minmay_temple_entry_wispy, serial_shops, shop,
          uniq_joseph, uniq_duvessa, uniq_maurice

Skill      XL: |  1  2  3  4  5  6  7  8  9 |
---------------+----------------------------+-----
Fighting       | 3 4 5 6 8 |  8.3
Long Blades    | 4 5 6 8 9 |  9.1
Dodging        | 3 |  3.6
Throwing       | |  1.7

Action                     |  1- 3 |  4- 6 |  7- 9 || total
---------------------------+-------+-------+-------++-------
  Melee: Dagger            |    61 |    83 |    16 ||   160
         Long sword        |    73 |    90 |   308 ||   471
         Falchion          |       |       |    26 ||    26
  Throw: Throwing net      |       |       |     3 ||     3
 Invoke: Convert to Beogh  |       |       |     1 ||     1
  Evoke: Wand              |       |       |     2 ||     2
    Use: Scroll            |       |       |     6 ||     6
         Potion            |       |       |     5 ||     5
   Stab: Sleeping          |       |       |     1 ||     1
 Armour: Leather armour    |    52 |       |       ||    52
         Chain mail        |    16 |    10 |       ||    26
         Ring mail         |       |    58 |   148 ||   206
         Acid dragon scale |       |       |    26 ||    26
         Skin              |       |       |     4 ||     4
  Dodge: Dodged            |    59 |    36 |   172 ||   267

Table legend: (Time is in decaauts)
 A = Elapsed time spent in this place.
 B = Non-inter-level travel time spent in this place.
 C = Inter-level travel time spent in this place.
 D = Time resting spent in this place.
 E = Time spent auto-exploring this place.
 F = Levels seen in this place.
 G = Mean time per level.
                   A        B        C        D        E       F      G
               +--------+--------+--------+--------+--------+-----+--------+
         Total |   5478 |   5225 |    253 |    373 |   3872 |   8 |  684.8 |
       Dungeon |   5388 |   5135 |    253 |    373 |   3816 |   7 |  769.7 |
         Sewer |     90 |     90 |      0 |      0 |     56 |   1 |   90.0 |
               +--------+--------+--------+--------+--------+-----+--------+

Top non-repeatable levels by time:
     D:5: 1278 daAuts
     D:3: 1243 daAuts
     D:6: 1039 daAuts
     D:1: 1021 daAuts
     D:2: 461 daAuts
     D:4: 304 daAuts
   Sewer: 90 daAuts
     D:7: 40 daAuts
